 Dungeon Crawl Stone Soup version 0.29.1-15-g9cfb28693d (webtiles) character file.

Game seed: 17630204429068501739

3603 KyoPewz the Arsonist (level 9, 0/45 HPs)
             Began as a Deep Elf Fire Elementalist on Mar 1, 2023.
             Was a Believer of Ashenzari.
             Slain by a yak (3 damage)
             ... on level 8 of the Dungeon.
             The game lasted 00:30:45 (9290 turns).

KyoPewz the Arsonist (Deep Elf Fire Elementalist)   Turns: 9290, Time: 00:30:46

Health: 0/45       AC:  3    Str:  5    XL:     9   Next: 86%
Magic:  2/20       EV: 12    Int: 31    God:    Ashenzari [**....]
Gold:   399        SH:  0    Dex: 15    Spells: 4/20 levels left

rFire   . . .      SeeInvis +   A - +3 hand axe of Ashenzari's Affliction {Melee, Elem} (curse)
rCold   + . .      Faith    .   (no shield)
rNeg    . . .      Spirit   .   a - +0 robe of Ouranomancy {Melee, Evo} (curse)
rPois   .          Reflect  .   (no helmet)
rElec   .          Harm     .   c - scarf {repulsion}
rCorr   .          Rampage  .   k - +0 pair of gloves "Profound Vision" {Alch, Range} (curse)
Will    .....                   (no boots)
Stlth   ++........              (no amulet)
HPRegen 0.15/turn               I - ring of protection from cold
MPRegen 0.17/turn               D - +6 ring of intelligence

@: repel missiles
A: no striking features
a: Renounce Religion, Shatter the Chains


You were on level 8 of the Dungeon.
You worshipped Ashenzari.
Ashenzari was pleased with you.
You visited 2 branches of the dungeon, and saw 9 of its levels.

You collected 399 gold pieces.

Inventory:

Hand Weapons
 A - the cursed +3 hand axe of Ashenzari's Affliction (weapon) {Melee, Elem}
   (You took it off an orc on level 4 of the Dungeon)

   It has a curse which improves the following skills: Melee Combat: Short
   Blades, Long Blades, Axes, Maces & Flails, Polearms, Staves and Unarmed
   Combat.
   Elements:  Fire Magic, Ice Magic, Air Magic and Earth Magic.
 M - a +0 dagger of venom
 N - a +3 short sword of flaming
Missiles
 d - 16 poisoned darts
 G - a throwing net
 L - a curare-tipped dart
Armour
 a - the cursed +0 robe of Ouranomancy (worn) {Melee, Evo}

   It has a curse which improves the following skills: Melee Combat: Short
   Blades, Long Blades, Axes, Maces & Flails, Polearms, Staves and Unarmed
   Combat.
   Evocations: Evocations.
 c - a scarf of repulsion (worn)
 k - the cursed +0 pair of gloves "Profound Vision" (worn) {Alch, Range}
   (You found it on level 1 of the Dungeon)

   It has a curse which improves the following skills: Alchemy: Poison Magic and
   Transmutations.
   Ranged Combat: Ranged Weapons and Throwing.
 E - a +0 pair of gloves
 H - a +1 robe of fire resistance
 K - a +3 leather armour of cold resistance
Magical Staves
 F - a staff of earth
Jewellery
 w - a ring of ice
 z - a ring of magical power
 D - a +6 ring of intelligence (right hand)
 I - a ring of protection from cold (left hand)
Wands
 x - a wand of mindburst (14)
 J - a wand of iceblast (5)
Scrolls
 f - a scroll of enchant weapon
 g - a scroll of fear
 m - a scroll of vulnerability
 o - 2 scrolls of butterflies
 p - 2 scrolls of magic mapping
 r - 4 scrolls of identify
 s - a scroll of poison
 t - 3 scrolls of teleportation
 u - 3 scrolls of immolation
 v - a scroll of summoning
 y - a scroll of torment
 B - 2 scrolls of blinking
 C - 2 scrolls of enchant armour
Potions
 b - 2 potions of magic
 e - a potion of lignification
 h - a potion of haste
 i - a potion of invisibility
 j - a potion of mutation
 l - a potion of heal wounds
 n - 2 potions of resistance
 q - 5 potions of curing


   Skills:
 - Level 2.4 Dodging
 - Level 2.4 Stealth
 - Level 6.0 Spellcasting
 + Level 9.8 Conjurations
 * Level 10.7(11.9) Fire Magic
 - Level 2.0(3.0) Air Magic
 - Level 3.9(5.0) Poison Magic


You had 4 spell levels left.
You knew the following spells:

 Your Spells              Type           Power      Damage    Failure   Level
a - Foxfire               Conj/Fire      100%       2x1d9     1%          1
b - Scorch                Fire           100%       2d10      1%          2
c - Conjure Flame         Conj/Fire      67%        6-21      1%          3
d - Flame Wave            Conj/Fire      67%        2d15      1%          4
e - Poisonous Vapours     Pois/Air       68%        N/A       1%          2
f - Olgreb's Toxic Radia  Pois           40%        N/A       6%          4

Your spell library contained the following spells:

 Spells                   Type           Power      Damage    Failure   Level
 Sting                    Tmut/Pois      100%       1d8       1%          1
 Inner Flame              Hex/Fire       46%        N/A       1%          3
 Apportation              Tloc           18%        N/A       4%          1
 Necrotise                Necr           36%        1d5       4%          1
 Summon Small Mammal      Summ           36%        N/A       4%          1
 Summon Guardian Golem    Hex/Summ       9%         N/A       14%         3
 Cause Fear               Hex            4%         N/A       43%         4
 Conjure Ball Lightning   Conj/Air       24%        3x3d7     50%         6
 Orb of Destruction       Conj           31%        9d10      58%         7
 Spellforged Servitor     Conj/Summ      19%        N/A       99%         7
 Dragon Form              Tmut           5%         N/A       100%        7
 Borgnjor's Revivificati  Necr           4%         N/A       100%        8
 Discord                  Hex            4%         N/A       100%        8
 Disjunction              Tloc           4%         N/A       100%        8
 Necromutation            Tmut/Necr      4%         N/A       100%        8
 Death's Door             Necr           4%         N/A       100%        9
 Dragon's Call            Summ           4%         N/A       100%        9


Dungeon Overview and Level Annotations

Branches:
Dungeon (8/15)             Temple (1/1) D:5
   Lair: D:8-11

Altars:
Ashenzari
Cheibriados
Dithmenos
Elyvilon
Fedhas
Hepliaklqana
Kikubaaqudgha
Makhleb
Nemelex Xobeh
Okawaru
Qazlal
Ru
Sif Muna
Wu Jian
Xom
Zin
The Shining One

Shops:
D:1 (

Annotations:
D:5 Sigmund


Message History

You take 4 damage, and have 41/45 hp.
A wave of flame ripples out!
The flame wave engulfs the yak.
The yak is moderately wounded.
The flame wave engulfs the yak!
The yak is heavily wounded.
The flame wave engulfs the yak!!
The yak is severely wounded.
You finish channelling waves of flame.
The yak closely misses you.
You now have 7/20 mp.
Casting: Flame Wave (dangerous; 1% risk of failure)
Confirm with . or Enter, or press ? or * to list all spells.
Casting: Flame Wave (dangerous; 1% risk of failure)
Press: ? - help, Dir - look around, f - activate A wave of flame ripples out!
The flame wave engulfs the yak!
The yak is severely wounded. (Press . to intensify the flame waves.)
The yak gores you!
You take 14 damage, and have 27/45 hp.
MASSIVE DAMAGE!!
You now have 3/20 mp.
A wave of flame ripples out!
The flame wave engulfs the yak!!
You kill the yak!
The flame wave engulfs the yak.
The yak is heavily wounded.
Training target 5.0 for Poison Magic reached!
You now have 2/20 mp.
A wave of flame ripples out!
The flame wave engulfs the yak.
The yak is heavily wounded.
The flame wave engulfs the yak!!
You kill the yak!
The flame wave engulfs the yak!
The yak is heavily wounded.
You finish channelling waves of flame.
The yak misses you.
You now have 1/20 mp.
The yak attacks as you move away! The yak gores you!
* * * LOW HITPOINT WARNING * * *
You take 15 damage, and have 13/45 hp.
MASSIVE DAMAGE!!
The yak attacks as you move away! The yak gores you!
* * * LOW HITPOINT WARNING * * *
You take 10 damage, and have 3/45 hp.
MASSIVE DAMAGE!!
The yak attacks as you move away! The yak gores you.
You die...

* .....# ♣..#######.$ #
#..♣♣♣♣♣♣♣..Y.†YYY... #.*
#....§..♣♣.Y#####.... #.#
####....§..♣♣Y.####.....
#.. ...)≈≈≈≈..♣♣..........
,
#..####(....≈..♣♣Y.######..
** ......(..._.≈..♣♣Y.# * ,
...#.###....≈...@..# *
##.#)# #...........# ,
##.#.####......##..# *
...<........######.#
##.#.#####.#######.# *
#.#.# #.†.......#
#.#.#####.#########
#.#.......# #.#######.# * ,


You could see 5 yaks.

Vanquished Creatures
  Joseph (D:7)
  4 yaks (D:8)
  A steam dragon (D:7)
  Menkaure (D:6)
  Duvessa (D:7)
  A water moccasin (D:6)
  An orc warrior (D:7)
  An ice beast (D:8)
  A sky beast (D:6)
  A black bear (D:5)
  3 ogres
  2 kobold brigands (D:7)
  A bullfrog (D:7)
  A gnoll sergeant (D:6)
  4 scorpions
  3 wights (D:7)
  Dowan (D:6)
  5 killer bees (D:8)
  2 hounds (D:5)
  4 orc priests
  A jelly (D:4)
  4 iguanas
  3 orc wizards
  13 gnolls
  6 adders
  2 shadow imps
  A white imp (D:7)
  An ufetubus (D:5)
  2 worms (D:3)
  4 dart slugs
  23 orcs
  5 ball pythons
  12 endoplasms
  6 giant cockroaches
  9 goblins
  3 hobgoblins
  12 kobolds
  2 quokkas (D:3)
  11 bats
  3 frilled lizards
  6 rats
168 creatures vanquished.

Vanquished Creatures (others)
  473 foxfires
473 creatures vanquished.

Grand Total: 641 creatures vanquished

Notes
Turn   | Place    | Note
-------+----------+-------------------------------------------
     0 | D:1      | KyoPewz the Deep Elf Fire Elementalist began the quest for
                  | the Orb.
     0 | D:1      | Reached XP level 1. HP: 10/10 MP: 6/6
   373 | D:1      | Reached XP level 2. HP: 12/15 MP: 8/8
   662 | D:1      | Found Rafiumm's Weapon Shop.
  1062 | D:2      | Learned a level 2 spell: Scorch
  1151 | D:2      | Reached XP level 3. HP: 19/19 MP: 6/9
  1388 | D:2      | Found a shadowy altar of Dithmenos.
  1397 | D:2      | Reached skill level 4 in Fire Magic
  1839 | D:3      | You fall into a shaft and drop 1 floor!
  1852 | D:3      | Reached XP level 4. HP: 24/24 MP: 7/11
  2132 | D:3      | Learned a level 3 spell: Conjure Flame
  2137 | D:3      | Learned a level 4 spell: Flame Wave
  2728 | D:3      | Reached XP level 5. HP: 28/28 MP: 11/13
  2773 | D:3      | Found a snail-covered altar of Cheibriados.
  3391 | D:4      | Reached skill level 5 in Fire Magic
  3397 | D:4      | Noticed an ogre
  3466 | D:4      | Killed an ogre
  3467 | D:4      | Reached XP level 6. HP: 32/32 MP: 8/15
  4273 | D:5      | Entered Level 5 of the Dungeon
  4284 | D:5      | Reached skill level 5 in Spellcasting
  4284 | D:5      | Reached skill level 5 in Conjurations
  4486 | D:5      | Reached skill level 6 in Fire Magic
  4564 | D:5      | Found a staircase to the Ecumenical Temple.
  4573 | Temple   | Entered the Ecumenical Temple
  4657 | Temple   | Became a worshipper of Ashenzari the Shackled
  4695 | D:5      | Reached XP level 7. HP: 19/36 MP: 11/16
  5328 | D:5      | Noticed Sigmund
  5727 | D:6      | Learned a level 2 spell: Poisonous Vapours
  6175 | D:6      | Reached skill level 1 in Poison Magic
  6179 | D:6      | Reached skill level 1 in Air Magic
  6267 | D:6      | Reached * piety under Ashenzari
  6273 | D:6      | Learned a level 4 spell: Olgreb's Toxic Radiance
  6291 | D:6      | Noticed Menkaure
  6407 | D:6      | Killed Menkaure
  6408 | D:6      | Reached skill level 7 in Fire Magic
  6408 | D:6      | Reached XP level 8. HP: 12/41 MP: 12/19
  6889 | D:7      | Noticed Duvessa
  6889 | D:7      | Noticed Dowan
  6904 | D:6      | Killed Dowan
  7140 | D:7      | Reached skill level 8 in Fire Magic
  7384 | D:7      | Noticed Joseph
  7388 | D:7      | Killed Joseph
  7389 | D:7      | Reached XP level 9. HP: 15/45 MP: 5/20
  7818 | D:7      | Reached skill level 9 in Fire Magic
  8029 | D:7      | Killed Duvessa
  8257 | D:7      | Reached ** piety under Ashenzari
  8906 | D:8      | Found a blossoming altar of Fedhas.
  8972 | D:7      | Identified the cursed +0 pair of gloves "Profound Vision"
                  | {Alch, Range} (You found it on level 1 of the Dungeon)
  8972 | D:7      | Identified the cursed +0 robe of Ouranomancy {Melee, Evo}
  9218 | D:8      | Reached skill level 10 in Fire Magic
  9290 | D:8      | Slain by a yak

Illustrated notes

Levels and vault maps discovered:
D:1:      zelgadis_glass_arrival_small, layout_basic, serial_shops,
          nicolae_shop_bloodbath_and_beyond, minmay_tetromino_s4
D:2:      layout_rooms, basic_altar, dreamdust_princess_corridor
D:3:      layout_basic, old_standard_altar, chequers_avenue, grunt_ministairs_11
D:4:      layout_gridville, minmay_bent
D:5:      layout_loops_corners, minmay_temple_entry_tees, uniq_sigmund
D:6:      layout_cave_pools, uniq_menkaure
D:7:      minmay_skewed_foursquare, layout_loops_ring, uniq_joseph, uniq_duvessa
D:8:      layout_loops_ring, mainiacjoe_overflow_chevrons
Temple:   nicolae_temple_superstar

Skill      XL: |  1  2  3  4  5  6  7  8  9 |
---------------+----------------------------+-----
Conjurations   | 2 3 4 5 6 8 9 |  9.8
Fire Magic     | 4 5 6 7 8 10 | 10.7
Spellcasting   | 4 5 6 |  6.0
Poison Magic   | 1 3 |  3.9
Air Magic      | 1 2 |  2.0
Dodging        | |  2.4
Stealth        | |  2.4

Action                   |  1- 3 |  4- 6 |  7- 9 || total
-------------------------+-------+-------+-------++-------
Melee: Trident           |    20 |       |       ||    20
       Dagger            |     7 |     5 |       ||    12
       Hand axe          |       |    14 |    17 ||    31
 Cast: Foxfire           |    69 |   119 |    81 ||   269
       Scorch            |       |     7 |    82 ||    89
       Poisonous Vapours |       |       |    13 ||    13
       Flame Wave        |       |       |     4 ||     4
Invok: Curse Item        |       |       |     3 ||     3
  Use: Scroll            |       |     4 |       ||     4
       Potion            |       |       |     3 ||     3
 Stab: Sleeping          |     3 |     1 |       ||     4
Armor: Robe              |    11 |     6 |     9 ||    26
       Skin              |       |       |     1 ||     1
Dodge: Dodged            |    23 |    12 |    46 ||    81
       Repelled          |       |       |     1 ||     1
